 Seeded DCSS version 0.30-a0-715-gdb4ae3ece1 (webtiles) character file.

Game seed: 5430720872467839093 (custom seed)

7 OTABOTABOTAB the Firebug (level 2, 11/17 HPs)
             Began as an Octopode Fire Elementalist on Jan 23, 2023.
             Quit the game on level 1 of the Dungeon.
             The game lasted 00:00:38 (218 turns).

OTABOTABOTAB the Firebug (OpFE)                      Turns: 218, Time: 00:00:38

Health: 11/17      AC:  1    Str: 13    XL:     2   Next: 0%
Magic:  0/5        EV: 13    Int: 17    God:
Gold:   9          SH:  0    Dex: 12    Spells: 4/5 levels left

rFire   . . .      SeeInvis .    a - +0 dagger
rCold   . . .      Faith    .    (no shield)
rNeg    . . .      Spirit   .    (helmet restricted)
rPois   .          Reflect  .    (no amulet)
rElec   .          Harm     .    b - +6 ring of strength
rCorr   .          Rampage  .    (no ring)
Will    .....                    (no ring)
Stlth   +++                      (no ring)
HPRegen 0.22/turn                (no ring)
MPRegen 0.09/turn                (no ring)
                                 (no ring)
                                 (no ring)

@: no status effects
A: almost no armour, amphibious, 8 rings, camouflage 1, gelatinous body 1,
(nimble swimmer 1), tentacles
a: no special abilities


You were on level 1 of the Dungeon.
You visited 1 branch of the dungeon, and saw 1 of its levels.

You collected 9 gold pieces.

Inventory:

Hand Weapons
 a - a +0 dagger (weapon)
   (You took it off a kobold on level 1 of the Dungeon)
 c - a +0 short sword
   (You took it off a kobold on level 1 of the Dungeon)
Jewellery
 b - a +6 ring of strength (left tentacle)
   (You found it on level 1 of the Dungeon)
Potions
 d - a potion of mutation {unknown}
 M - a potion of magic


   Skills:
 - Level 2.0 Dodging
 - Level 2.6 Stealth
 * Level 2.2 Spellcasting
 + Level 1.2 Conjurations
 + Level 3.1 Fire Magic


You had 4 spell levels left.
You knew the following spells:

 Your Spells              Type           Power      Damage    Failure   Level
a - Foxfire               Conj/Fire      36%        2x1d5     8%          1

Your spell library contained the following spells:

 Spells                   Type           Power      Damage    Failure   Level
 Scorch                   Fire           24%        2d6       8%          2
 Inner Flame              Hex/Fire       7%         N/A       30%         3
 Kindle Blastsparks       Fire/Tloc/Air  10%        2d10      36%         3
 Flame Wave               Conj/Fire      9%         2d6       58%         4


Dungeon Overview and Level Annotations

Branches:
Dungeon (1/15)

Altars:


Innate Abilities, Weirdness & Mutations

You cannot wear most types of armour.
You are amphibious.
You can wear up to eight rings at the same time.
Your skin changes colour to match your surroundings (Stealth+).
Your rubbery body absorbs attacks. (AC +1, EV +1)
((You are camouflaged when in or above water. (Stealth+)))
You have tentacles for arms and can constrict up to eight enemies at once.


Message History

Found 9 gold pieces.
Found a staircase leading out of the dungeon.
You now have 9 gold pieces.
A kobold comes into view. It is wielding a +0 dagger.
You conjure some foxfire!
You now have 2/3 mp.
You conjure some foxfire!
The foxfire hits the kobold but does no damage.
The kobold shouts!
The foxfire hits the kobold.
You now have 1/3 mp.
The foxfire hits the kobold. x2
You kill the kobold!
A quokka comes into view.
You conjure some foxfire!
The quokka twitches its whiskers.
You now have 0/3 mp.
The foxfire hits the quokka.
The foxfire hits the quokka.
A quokka is nearby!
The quokka attacks as you move away! The quokka misses you.
The quokka attacks as you move away! The quokka bites you.
You take 1 damage, and have 10/11 hp.
You conjure some foxfire!
The quokka closely misses you. The quokka barely misses you.
You now have 0/3 mp.
The foxfire hits the quokka.
You kill the quokka!
Health restored: 11 You see here a quokka corpse.
a - a +0 dagger You see here a kobold corpse.
MP restored: 3
b - a +6 ring of strength You feel stronger.
b - a +6 ring of strength (left tentacle)
A kobold comes into view. It is wielding a +0 short sword.
You conjure some foxfire!
You now have 2/3 mp.
There is not enough space to conjure foxfire!
The foxfire hits the kobold.
The kobold shouts!
You conjure some foxfire!
You now have 1/3 mp.
The foxfire hits the kobold.
You kill the kobold!
c - a +0 short sword
d - a viscous brown potion MP restored: 3
a - a +0 dagger (weapon)
A jackal comes into view.
The jackal barks!
You hear a bark! x2
A jackal comes into view. x2
What are your orders? t - Shout!
Orders for allies: a - Attack new target. r - Retreat! s - Stop attacking. g - Guard the area. f - Follow me.
Anything else - Cancel.
Okay, then.
Unknown command.
Unknown command.
Unknown command.
Unknown command.
Unknown command.
Unknown command.
You conjure some foxfire!
You now have 2/3 mp.
You conjure some foxfire!
The foxfire hits the jackal.
The jackal misses you.
You now have 1/3 mp.
You conjure some foxfire!
The foxfire hits the jackal.
You kill the jackal!
The foxfire hits the jackal.
A jackal comes into view.
The foxfire hits the jackal but does no damage.
You now have 0/3 mp.
You don't have enough magic to cast this spell.
The jackal attacks as you move away! The jackal bites you.
The foxfire hits the jackal.
You kill the jackal!
The foxfire hits the jackal but does no damage.
You have reached level 2!
You regained 5 hp, and now have 16/17 hp.
Health restored: 17 The jackal attacks as you move away!
The jackal bites you.
You take 1 damage, and have 16/17 hp.
The jackal closely misses you. The jackal attacks as you move away!
The jackal bites you. The jackal barely misses you.
You take 1 damage, and have 15/17 hp.
The jackal attacks as you move away! The jackal bites you.
You take 2 damage, and have 13/17 hp.
The jackal bites you.
You take 3 damage, and have 10/17 hp.
You conjure some foxfire!
The jackal closely misses you.
You now have 0/5 mp.
The jackal attacks as you move away! The jackal misses you.
The jackal bites you but does no damage.
You don't have enough magic to cast this spell.

..#.......#
#.......#
#.......########
###.#####....h...#
....# ########.#
##### #h#
################.#
#..............#h#
#..............#@#
#..............#.#
#..#####.####..#.#
#..# #.# #..#.#
#..# #.# #..#.#
#..# #.# #..#.#
#.†#####.####..#.#
#..##..........#.#
#..##..........#.#


You could see 2 jackals.

Vanquished Creatures
  2 jackals (D:1)
  2 kobolds (D:1)
  A quokka (D:1)
5 creatures vanquished.

Vanquished Creatures (others)
  16 foxfires (D:1)
16 creatures vanquished.

Grand Total: 21 creatures vanquished

Notes
Turn   | Place    | Note
-------+----------+-------------------------------------------
     0 | D:1      | OTABOTABOTAB the Octopode Fire Elementalist began the quest
                  | for the Orb.
     0 | D:1      | Reached XP level 1. HP: 11/11 MP: 3/3
   204 | D:1      | Reached XP level 2. HP: 16/17 MP: 0/5
   218 | D:1      | Quit the game

Illustrated notes

Levels and vault maps discovered:
D:1:      dpeg_arrival_boxes_within_box, layout_basic

Action                     || total
---------------------------++-------
   Cast: Foxfire           ||    10
 Armour: Skin              ||     1
  Dodge: Dodged            ||     8

Table legend: (Time is in decaauts)
 A = Elapsed time spent in this place.
 B = Non-inter-level travel time spent in this place.
 C = Inter-level travel time spent in this place.
 D = Time resting spent in this place.
 E = Time spent auto-exploring this place.
 F = Levels seen in this place.
 G = Mean time per level.
                   A        B        C        D        E       F      G
               +--------+--------+--------+--------+--------+-----+--------+
         Total |    217 |    217 |      0 |      0 |    163 |   1 |  217.0 |
       Dungeon |    217 |    217 |      0 |      0 |    163 |   1 |  217.0 |
               +--------+--------+--------+--------+--------+-----+--------+

Top non-repeatable levels by time:
     D:1: 217 daAuts

Table legend:
 A = Kills in this place as a percentage of kills in entire the game.
 B = Kills by you in this place as a percentage of kills by you in the entire game.
 C = Kills by friends in this place as a percentage of kills by friends in the entire game.
 D = Other kills in this place as a percentage of other kills in the entire game.
 E = Experience gained in this place as a percentage of experience gained in the entire game.
 F = Experience gained in this place divided by the number of levels of this place that you have seen.
                   A       B       C       D       E      F
               +-------+-------+-------+-------+-------+----------------------
         Total | 100.0 | 100.0 |   N/A |   N/A | 100.0 |  10.0
       Dungeon | 100.0 | 100.0 |   N/A |   N/A | 100.0 |  10.0
               +-------+-------+-------+-------+-------+----------------------
